 Dungeon Crawl Stone Soup version 0.26-a0-597-gb535b0901c (webtiles) character file.

Game seed: 1670828629498776510

1444 Lanoc the Poker (level 8, 0/80 HPs)
             Began as a Troll Delver on Aug 28, 2020.
             Was an Initiate of Ashenzari.
             Succumbed to a gnoll sergeant's poison
             ... on level 5 of the Dungeon.
             The game lasted 00:06:13 (2545 turns).

Lanoc the Poker (Troll Delver)                      Turns: 2545, Time: 00:06:14

Health: 0/80       AC:  2    Str: 21    XL:     8   Next: 46%
Magic:  1/7        EV: 13    Int:  6    God:    Ashenzari [......]
Gold:   181        SH:  0    Dex: 19    Spells: 7/7 levels left

rFire    + . .     SeeInvis .   g - +13 scythe of Curses {drain, *Curse} (curse)
rCold    + . .     Faith    .   (shield currently unavailable)
rNeg     . . .     Spirit   +   a - +0 robe
rPois    +         Reflect  .   (helmet restricted)
rElec    +         Harm     .   (no cloak)
rCorr    +         Rnd*Tele +   (gloves unavailable)
MR       .....                  (boots unavailable)
Stlth    ++........             n - amulet of guardian spirit
HPRegen  0.63/turn              r - ring of teleportation (curse)
MPRegen  0.10/turn              s - +6 ring of dexterity

@: lethally poisoned (0 -> -1), resistant, corroded, very slightly contaminated,
hasted, invisible, very quick
A: large, unfitting armour, claws 3, regeneration 1, shaggy fur 1, tough skin 3
a: Curse Item, Renounce Religion


You were on level 5 of the Dungeon.
You worshipped Ashenzari.
Ashenzari was noncommittal.
You visited 2 branches of the dungeon, and saw 5 of its levels.

You collected 181 gold pieces.

Inventory:

Hand Weapons
 g - the cursed +13 scythe of Curses (weapon) {drain, *Curse}
   (You found it on level 5 of the Dungeon)

   A truly terrible weapon, it drains the life of those it strikes.
   It curses itself when equipped.
   It has a curse placed upon it.
Armour
 a - a +0 robe (worn)
Jewellery
 n - an amulet of guardian spirit (around neck)
 r - a cursed ring of teleportation (left claw)
 s - a +6 ring of dexterity (right claw)
Wands
 f - a wand of digging (3)
Scrolls
 b - 4 scrolls of fog
 c - a scroll of magic mapping
 d - 2 scrolls of fear
 i - 3 scrolls of remove curse
 k - 2 scrolls of teleportation {unknown}
 m - a scroll of immolation {unknown}
Potions
 l - a potion of curing
 p - 4 potions of stabbing
 q - 2 potions of lignification
 t - 3 potions of might


   Skills:
 + Level 5.0 Fighting
 * Level 6.0 Polearms
 + Level 4.6 Dodging
 - Level 2.7 Stealth
 - Level 2.0 Unarmed Combat


You had 7 spell levels left.
You didn't know any spells.
Your spell library contained the following spells:

 Spells                   Type           Power        Failure   Level
 Magic Dart               Conj           #...         45%         1
 Blink                    Tloc           N/A          58%         2
 Call Imp                 Summ           #.......     58%         2
 Slow                     Hex            #.......     58%         2
 Conjure Flame            Conj/Fire      #.......     83%         3
 Mephitic Cloud           Conj/Pois/Air  #.......     83%         3


Dungeon Overview and Level Annotations

Branches:
Dungeon (6/15)             Temple (1/1) D:5

Altars:
Ashenzari
Cheibriados
Dithmenos
Elyvilon
Fedhas
Gozag
Hepliaklqana
Kikubaaqudgha
Makhleb
Nemelex Xobeh
Ru
Sif Muna
Trog
Vehumet
Wu Jian
Xom
Yredelemnul
Zin
The Shining One

Annotations:
D:5 1 transporter


Innate Abilities, Weirdness & Mutations

You are too large for most types of armour.
You have claws for hands.
Your natural rate of healing is unusually fast.
You are covered in fur. (AC +1)
You have extremely tough skin. (AC +3)


Message History

* * * LOW HITPOINT WARNING * * *
You are lethally poisoned!
The gnoll shaman hits you with a cursed -1 club.
* * * LOW HITPOINT WARNING * * *
* * * LOW HITPOINT WARNING * * *
You feel sick.
There is a fountain of clear blue water here.
It was a potion of invisibility.
You fade into invisibility!
* * * LOW HITPOINT WARNING * * *
You feel sick.
You are very lightly contaminated with residual magic.
It was a potion of resistance.
You feel protected.
* * * LOW HITPOINT WARNING * * *
You feel sick.
* * * LOW HITPOINT WARNING * * *
You feel sick.
There is an open translucent door here.
You die...

#..≈≈≈≈≈≈≈≈≈≈≈≈≈≈≈≈≈≈≈≈≈≈
#..≈≈#####...........####
#..≈≈#.#.#.###.©.###.#.#.
#..≈≈#...###.#####©###..g
#..≈≈###.......g.g.....##
#..≈≈.8#.######'######.#8
#..≈≈.##.#.⌠.#g.8# #.##
#..≈≈.#..'.gggg©⌠# g..#
#..≈≈.##@#.⌠.#..8# .#.##
##.≈≈.8#.######'######.#8
#.≈≈###...............##
#.≈≈#...###.#####.###...
#.≈≈#.#.#.###.©.###.#.#.
#.≈≈#####...........####
#.≈≈≈≈≈≈≈≈≈≈≈...≈≈≈≈≈≈≈≈
#.≈≈≈≈≈≈≈≈≈≈≈...≈≈≈≈≈≈≈≈
#.......................


You could see 2 gnoll sergeants, a gnoll shaman and 2 gnolls.

Vanquished Creatures
  Sigmund (D:5)
  Menkaure (D:5)
  An ice beast (D:4)
  A phantom (D:5)
  An ogre (D:4)
  A centaur (D:5)
  A howler monkey (D:4)
  2 hounds
  6 orc wizards
  2 bullfrog skeletons
  3 centaur skeletons
  2 iguanas (D:4)
  5 worker ants
  A howler monkey skeleton (D:4)
  A worker ant zombie (D:6)
  12 gnolls
  3 adders
  2 white imps (D:5)
  An ooze (D:5)
  3 worms
  A dart slug (D:5)
  6 orcs
  A ball python (D:3)
  3 bats (D:3)
  2 giant cockroaches
  A hobgoblin (D:3)
  10 jackals (D:4)
  A quokka (D:5)
  2 kobolds (D:3)
  A leopard gecko skeleton (D:5)
  A leopard gecko zombie (D:5)
  3 quokka skeletons
  2 rats (D:3)
84 creatures vanquished.

Vanquished Creatures (others)
  6 plants (D:5)
6 creatures vanquished.

Grand Total: 90 creatures vanquished

Notes
Turn   | Place    | Note
-------+----------+-------------------------------------------
     0 | D:5      | Lanoc the Troll Delver began the quest for the Orb.
     0 | D:5      | Reached XP level 1. HP: 22/22 MP: 0/0
    13 | D:5      | Found the cursed +13 scythe of Curses {drain, *Curse}
    40 | D:6      | Reached XP level 2. HP: 23/29 MP: 1/1
    63 | D:6      | Reached skill level 1 in Polearms
    63 | D:6      | Reached XP level 3. HP: 31/36 MP: 2/2
    80 | D:6      | Reached skill level 2 in Polearms
    80 | D:6      | Reached XP level 4. HP: 36/45 MP: 3/3
    97 | D:5      | Noticed a phantom
    99 | D:5      | Found a sacrificial altar of Ru.
   205 | D:6      | Reached XP level 5. HP: 53/53 MP: 4/4
   257 | D:5      | Noticed Sigmund
   259 | D:5      | Noticed an ice beast
   260 | D:5      | Killed Sigmund
   260 | D:5      | Reached skill level 3 in Polearms
   260 | D:5      | Reached XP level 6. HP: 52/61 MP: 5/5
   282 | D:4      | Killed an ice beast
   359 | D:4      | Reached skill level 4 in Polearms
   359 | D:4      | Reached XP level 7. HP: 55/68 MP: 6/6
   770 | D:3      | Found a shadowy altar of Dithmenos.
   988 | D:3      | Found a white marble altar of Elyvilon.
   988 | D:3      | Found a blossoming altar of Fedhas.
   989 | D:3      | Found a snail-covered altar of Cheibriados.
  1242 | D:3      | Found a sacrificial altar of Ru.
  1242 | D:3      | Found a radiant altar of Vehumet.
  1243 | D:3      | Found an ornate altar of the Wu Jian Council.
  1245 | D:3      | Found an ancient bone altar of Kikubaaqudgha.
  1455 | D:4      | Reached skill level 5 in Polearms
  1656 | D:5      | Noticed Menkaure
  1663 | D:5      | Killed Menkaure
  1663 | D:5      | Reached XP level 8. HP: 49/79 MP: 4/7
  1687 | D:5      | Found a staircase to the Ecumenical Temple.
  1742 | Temple   | Entered the Ecumenical Temple
  1840 | Temple   | Became a worshipper of Ashenzari the Shackled
  2107 | D:5      | Found a transporter.
  2165 | D:5      | Found a transporter.
  2199 | D:5      | Identified the ring "Ypponer" {rF+ Str-4 Dex+6 Stlth+}
  2238 | D:5      | Reached skill level 5 in Fighting
  2238 | D:5      | Reached skill level 6 in Polearms
  2538 | D:5      | HP: 4/80 [poisoned by a gnoll sergeant]
  2541 | D:5      | HP: 1/80 [poisoned by a gnoll sergeant]
  2545 | D:5      | Succumbed to a gnoll sergeant's poison

Illustrated notes

Levels and vault maps discovered:
D:3:      layout_basic, minitemple, gammafunk_temple_overflow_claw,
          minmay_misc_feat_enclosed
D:4:      layout_basic, corexii_leaking_fountain
D:5:      layout_loops_corners, temple_pool_b, basic_altar,
          gammafunk_ghost_gnarly_gnolls, uniq_sigmund, uniq_menkaure
D:6:      layout_basic, kennysheep_pointless_box
Temple:   jpeg_temple_clearing

Skill      XL: |  1  2  3  4  5  6  7  8 |
---------------+-------------------------+-----
Polearms       | 1 2 3 4 5 6 |  6.0
Dodging        | 2 3 4 |  4.6
Fighting       | 3 4 5 |  5.0
Stealth        | |  2.7
Unarmed Combat | |  2.0

Action                   |  1- 3 |  4- 6 |  7- 9 || total
-------------------------+-------+-------+-------++-------
Melee: Scythe            |     9 |    28 |   133 ||   170
  Use: Scroll            |       |       |     4 ||     4
       Potion            |       |       |     4 ||     4
 Stab: Sleeping          |       |     1 |    14 ||    15
       Distracted        |       |       |     1 ||     1
Armor: Robe              |     3 |    12 |    67 ||    82
Dodge: Dodged            |     2 |    11 |   111 ||   124

Table legend: (Time is in decaauts)
 A = Elapsed time spent in this place.
 B = Non-inter-level travel time spent in this place.
 C = Inter-level travel time spent in this place.
 D = Time resting spent in this place.
 E = Time spent auto-exploring this place.
 F = Levels seen in this place.
 G = Mean time per level.
                   A        B        C        D        E       F      G
               +--------+--------+--------+--------+--------+-----+--------+
         Total |   2676 |   2543 |    133 |     36 |   1830 |   5 |  535.2 |
       Dungeon |   2567 |   2434 |    133 |     36 |   1752 |   4 |  641.8 |
        Temple |    108 |    108 |      0 |      0 |     78 |   1 |  108.0 |
               +--------+--------+--------+--------+--------+-----+--------+

Top non-repeatable levels by time:
     D:5: 1043 daAuts
     D:4: 757 daAuts
     D:3: 570 daAuts
     D:6: 195 daAuts
  Temple: 108 daAuts
